Demolitions vs Icehogs

Created - 6 mars 2013 at 21:15

Goals
1 2 3 T
Demolitions 1 0 1 2
Icehogs 3 4 1 8
Shots
1 2 3 T
Demolitions 18 11 9 38
Icehogs 14 13 11 38

1st period

1. Icehogs , Niklas Hagman 34 (Andrew Murray, Matt Hunwick) at 9:22
2. Icehogs , B.J. Crombeen 32 (Nikolai Kulemin, Patrik Berglund) at 11:27
3. Icehogs , Ville Nieminen 8 (Barry Tallackson) at 13:26
4. Demolitions , Jeremy Williams 23 (Andy Rogers, Ryan Craig) at 17:03

Penalties :
Janne Niskala (Vic) for Hooking (Minor) at 18:25

2nd period

5. Icehogs , Patrik Berglund 16 (Nikolai Kulemin) at 3:05 (SH)
6. Icehogs , Barry Tallackson 22 (Mark Popovic, Logan Stephenson) at 7:24
7. Icehogs , Nikolai Kulemin 29 (Ryan Parent) at 15:28
8. Icehogs , B.J. Crombeen 33 (Patrik Berglund, Milan Jurcina) at 15:50

Penalties :
Dennis Seidenberg (Vic) for Holding (Minor) at 0:26, Ville Nieminen (Roc) for Hooking (Minor) at 2:09, Josh Hennessy (Roc) for Roughing (Minor) at 4:46, Vince Rocco (Vic) for Hooking (Minor) at 8:40, Troy Brouwer (Vic) for Tripping (Minor) at 13:25, Masi Marjamaki (Vic) for Slashing (Minor) at 17:48

3rd period

9. Icehogs , Ryan Shannon 10 (Travis Moen, Nikolai Kulemin) at 5:30
10. Demolitions , James Sheppard 5 (Brandon Bochenski, Anton Babchuk) at 11:01

Penalties :
Barry Tallackson (Roc) for Fighting (Major) at 7:35, Vince Rocco (Vic) for Fighting (Major) at 7:35, Vince Rocco (Vic) for instigated a fight (Minor) at 7:35, Vince Rocco (Vic) for instigated a fight (10 Minutes Misconduct) at 7:35

Goalie Stats

Antero Niittymaki (Vic), 16 saves from 20 shots - (0,800), L, 16-12-2, 37:35 minutes
Sergei Bobrovsky (Vic), 14 saves from 18 shots - (0,778), 22:25 minutes
José Theodore (Roc), 36 saves from 38 shots - (0,947), W, 22-14-3, 60:00 minutes

Players Stats for Demolitions

Player Name              G  A  P  +/- PIM S  H  SB GA TA FO     MP     PP MP  PK MP  
------------------------------------------------------------------------------------
Andy Rogers              0  1  1  -1  0   3  0  1  0  0  0/0    21:04   1:43   5:06 
Anssi Salmela            0  0  0  -3  0   0  0  2  0  0  0/0    10:20   0:00   2:04 
Anthony Stewart          0  0  0  -2  0   0  4  1  2  1  1/2    16:54   1:31   3:36 
Anton Babchuk            0  1  1  -1  0   7  1  0  1  1  0/0    21:04   1:43   5:06 
Brandon Bochenski        0  1  1  -2  0   3  1  0  0  0  0/1    11:22   0:02   0:00 
Dennis Seidenberg        0  0  0  -2  2   1  1  3  2  1  0/0    26:23   1:59   5:28 
James Sheppard           1  0  1  -2  0   2  0  0  0  0  1/6     9:52   0:00   0:00 
Janne Niskala            0  0  0  -2  2   3  6  3  2  1  0/0    26:36   1:59   5:25 
Jeremy Williams          1  0  1  -1  0   6  3  2  0  0  7/11   23:36   2:11   6:26 
Josh Beaulieu            0  0  0   0  0   0  0  0  0  0  0/0     1:25   0:00   1:14 
Kyle Wharton             0  0  0   0  0   0  1  2  0  0  0/0     3:05   0:00   0:07 
Marc-André Bernier       0  0  0   0  0   1  1  2  0  0  0/0     8:27   0:02   0:00 
Marco Sturm              0  0  0  -2  0   4  1  2  0  1  0/1    24:02   2:11   6:48 
Masi Marjamaki           0  0  0   0  2   1  1  0  1  0  0/0     8:09   0:00   0:00 
Nicolas Blanchard        0  0  0  -3  0   0  2  0  0  0  4/10   13:33   1:29   0:19 
Petr Vrana               0  0  0  -2  0   3  0  1  0  0  0/1    11:20   0:00   1:17 
Robert Bortuzzo          0  0  0   0  0   0  0  0  0  0  0/0     2:58   0:00   0:00 
Robert Klinkhammer       0  0  0   0  0   0  0  0  0  0  0/0     0:00   0:00   0:00 
Ryan Craig               0  1  1  -1  0   2  1  1  0  0  12/33  19:47   1:47   3:36 
Taylor Chorney           0  0  0  -3  0   0  0  3  0  0  0/0     8:54   0:24   0:00 
Troy Brouwer             0  0  0  -3  2   1  1  0  0  0  0/0    12:41   1:29   0:00 
Vince Rocco              0  0  0   0  19  1  0  0  0  0  2/4     6:28   0:00   0:00 

Players Stats for Icehogs

Player Name              G  A  P  +/- PIM S  H  SB GA TA FO     MP     PP MP  PK MP  
------------------------------------------------------------------------------------
Andrew Murray            0  1  1   2  0   4  1  1  0  0  7/17   16:52   6:30   0:17 
B.J. Crombeen            2  0  2   2  0   6  4  2  0  0  1/4    23:18   6:30   2:05 
Barry Tallackson         1  1  2   3  5   3  0  0  0  0  0/0     9:33   0:03   0:00 
Darren Helm              0  0  0   0  0   2  0  1  0  1  8/8    13:29   0:03   0:00 
Jason King               0  0  0   0  0   1  1  0  1  0  2/2    17:32   5:05   0:00 
Josh Hennessy            0  0  0   0  2   0  0  0  0  0  4/7    12:04   5:05   0:00 
Logan Stephenson         0  1  1   2  0   0  0  1  0  0  0/0    10:45   0:00   0:00 
Mark Popovic             0  1  1   2  0   1  0  2  0  0  0/0    10:45   0:00   0:00 
Matt Hunwick             0  1  1   3  0   3  0  1  0  1  0/0    21:11   4:06   1:36 
Milan Jurcina            0  1  1   3  0   0  1  1  0  0  0/0    21:11   4:06   1:36 
Niklas Hagman            1  0  1   0  0   4  1  1  1  0  0/0    22:04   6:30   2:07 
Nikolai Kulemin          1  3  4   4  0   6  2  0  0  0  2/2    15:59   0:00   1:23 
Patrik Berglund          1  2  3   4  0   2  0  0  1  1  18/28  16:04   0:00   1:01 
Paul Ranger              0  0  0   1  0   0  2  0  1  1  0/0    28:04   7:32   2:06 
Ryan Parent              0  1  1   1  0   1  1  0  0  2  0/0    28:04   7:32   2:06 
Ryan Shannon             1  0  1   0  0   1  0  0  0  1  0/0     6:30   0:03   0:00 
Travis Moen              0  1  1   0  0   1  1  0  0  0  0/0     6:27   0:00   0:00 
Ville Nieminen           1  0  1   2  2   3  3  1  1  1  0/1    16:07   5:04   0:31 

3 Stars

1 - Nikolai Kulemin (Roc)
2 - B.J. Crombeen (Roc)
3 - Patrik Berglund (Roc)

Power Play

Demolitions - 0 on 2 Attempt(s) - 0,00%
Icehogs - 0 on 6 Attempt(s) - 0,00%

Penalty Kill

Demolitions - 6 on 6 Attempt(s) - 100,00% - Score 0 goal in Penalty Kill
Icehogs - 2 on 2 Attempt(s) - 100,00% - Score 1 goal in Penalty Kill

Official

Referees : O'Rourke Dan and Pochmara Brian
Linesman : Andy McElman and Brian Mach

Game Notes

Sergei Bobrovsky enters game at 3:05 of 2nd period
Antero Niittymaki enters game at 5:30 of 3rd period
Barry Tallackson beats up Vince Rocco at 7:35 of 3rd period

Demolitions

5 vs 5 Forward 
   Center                   Left Wing                Right Wing               Time % Phy DF OF 
 1 Ryan Craig               Marco Sturm              Jeremy Williams          40     1   2  2  
 2 Nicolas Blanchard        Troy Brouwer             Anthony Stewart          30     1   2  2  
 3 James Sheppard           Petr Vrana               Brandon Bochenski        20     1   2  2  
 4 Vince Rocco              Masi Marjamaki           Marc-André Bernier       10     1   2  2  

5 vs 5 Defense 
   Defense                  Defense                                           Time % Phy DF OF 
 1 Janne Niskala            Dennis Seidenberg                                 40     1   2  2  
 2 Andy Rogers              Anton Babchuk                                     30     1   2  2  
 3 Taylor Chorney           Anssi Salmela                                     20     1   2  2  
 4 Kyle Wharton             Robert Bortuzzo                                   10     1   2  2  

PowerPlay Forward 
   Center                   Left Wing                Right Wing               Time % Phy DF OF 
 1 Ryan Craig               Marco Sturm              Jeremy Williams          60     1   2  2  
 2 Nicolas Blanchard        Troy Brouwer             Anthony Stewart          40     1   2  2  

PowerPlay Defense
   Defense                  Defense                                           Time % Phy DF OF 
 1 Janne Niskala            Dennis Seidenberg                                 60     1   2  2  
 2 Andy Rogers              Anton Babchuk                                     40     1   2  2  

Penalty Kill 4 Players Forward 
   Center                   Wing                     Time % Phy DF OF 
 1 Jeremy Williams          Marco Sturm              60     1   2  2  
 2 Anthony Stewart          Ryan Craig               40     1   2  2  

Penalty Kill 4 Players Defense
   Defense                  Defense                  Time % Phy DF OF 
 1 Janne Niskala            Dennis Seidenberg        60     1   2  2  
 2 Andy Rogers              Anton Babchuk            40     1   2  2  

Penalty Kill - 3 Players Forward 
   Forward                                           Time % Phy DF OF 
 1 Jeremy Williams                                   60     1   2  2  
 2 Marco Sturm                                       40     1   2  2  

Penalty Kill - 3 Players Defense
   Defense                  Defense                  Time % Phy DF OF 
 1 Janne Niskala            Dennis Seidenberg        60     1   2  2  
 2 Andy Rogers              Anton Babchuk            40     1   2  2  

4 vs 4 Forward 
   Center                   Wing                     Time % Phy DF OF 
 1 Jeremy Williams          Marco Sturm              60     1   2  2  
 2 Anthony Stewart          Ryan Craig               40     1   2  2  

4 vs 4 Defense
   Defense                  Defense                  Time % Phy DF OF 
 1 Janne Niskala            Dennis Seidenberg        60     1   2  2  
 2 Andy Rogers              Anton Babchuk            40     1   2  2  

Last Minutes Offensive
   Center                   Left Wing                Right Wing               Defense                  Defense                  
   Ryan Craig               Marco Sturm              Jeremy Williams          Janne Niskala            Dennis Seidenberg        

Last Minutes Defensive
   Center                   Left Wing                Right Wing               Defense                  Defense                  
   Ryan Craig               Marco Sturm              Jeremy Williams          Janne Niskala            Dennis Seidenberg        

Goaltenders
Starting : Antero Niittymaki        
Backup : Sergei Bobrovsky         

Extra Forwards
Normal : Brandon Bochenski, Marc-André Bernier, Petr Vrana - PP : Brandon Bochenski, Marc-André Bernier - PK : Petr Vrana
Extra Defensemen
Normal : Taylor Chorney, Anssi Salmela, Kyle Wharton - PP : Taylor Chorney - PK : Anssi Salmela, Kyle Wharton
Penalty Shots
Jeremy Williams, Marco Sturm, Anthony Stewart, Ryan Craig, Brandon Bochenski

Icehogs

5 vs 5 Forward 
   Center                   Left Wing                Right Wing               Time % Phy DF OF 
 1 Patrik Berglund          Nikolai Kulemin          B.J. Crombeen            40     1   2  2  
 2 Darren Helm              Niklas Hagman            Jason King               30     1   2  2  
 3 Andrew Murray            Ville Nieminen           Barry Tallackson         20     1   2  2  
 4 Josh Hennessy            Travis Moen              Ryan Shannon             10     1   2  2  

5 vs 5 Defense 
   Defense                  Defense                                           Time % Phy DF OF 
 1 Paul Ranger              Ryan Parent                                       40     1   2  2  
 2 Matt Hunwick             Milan Jurcina                                     30     1   2  2  
 3 Mark Popovic             Logan Stephenson                                  20     1   2  2  
 4 Paul Ranger              Ryan Parent                                       10     1   2  2  

PowerPlay Forward 
   Center                   Left Wing                Right Wing               Time % Phy DF OF 
 1 Andrew Murray            Niklas Hagman            B.J. Crombeen            60     1   2  2  
 2 Josh Hennessy            Ville Nieminen           Jason King               40     1   2  2  

PowerPlay Defense
   Defense                  Defense                                           Time % Phy DF OF 
 1 Paul Ranger              Ryan Parent                                       60     1   2  2  
 2 Matt Hunwick             Milan Jurcina                                     40     1   2  2  

Penalty Kill 4 Players Forward 
   Center                   Wing                     Time % Phy DF OF 
 1 B.J. Crombeen            Niklas Hagman            60     1   2  2  
 2 Ville Nieminen           Nikolai Kulemin          40     1   2  2  

Penalty Kill 4 Players Defense
   Defense                  Defense                  Time % Phy DF OF 
 1 Paul Ranger              Ryan Parent              60     1   2  2  
 2 Matt Hunwick             Milan Jurcina            40     1   2  2  

Penalty Kill - 3 Players Forward 
   Forward                                           Time % Phy DF OF 
 1 B.J. Crombeen                                     60     1   2  2  
 2 Niklas Hagman                                     40     1   2  2  

Penalty Kill - 3 Players Defense
   Defense                  Defense                  Time % Phy DF OF 
 1 Paul Ranger              Ryan Parent              60     1   2  2  
 2 Matt Hunwick             Milan Jurcina            40     1   2  2  

4 vs 4 Forward 
   Center                   Wing                     Time % Phy DF OF 
 1 B.J. Crombeen            Niklas Hagman            60     1   2  2  
 2 Ville Nieminen           Nikolai Kulemin          40     1   2  2  

4 vs 4 Defense
   Defense                  Defense                  Time % Phy DF OF 
 1 Paul Ranger              Ryan Parent              60     1   2  2  
 2 Matt Hunwick             Milan Jurcina            40     1   2  2  

Last Minutes Offensive
   Center                   Left Wing                Right Wing               Defense                  Defense                  
   Andrew Murray            Niklas Hagman            B.J. Crombeen            Paul Ranger              Ryan Parent              

Last Minutes Defensive
   Center                   Left Wing                Right Wing               Defense                  Defense                  
   Andrew Murray            Niklas Hagman            B.J. Crombeen            Paul Ranger              Ryan Parent              

Goaltenders
Starting : José Theodore            
Backup : Maxime Ouellet           

Extra Forwards
Normal : Barry Tallackson, Darren Helm, Patrik Berglund - PP : Barry Tallackson, Darren Helm - PK : Patrik Berglund
Extra Defensemen
Normal : Mark Popovic, Logan Stephenson, Matt Hunwick - PP : Mark Popovic - PK : Logan Stephenson, Matt Hunwick
Penalty Shots
B.J. Crombeen, Niklas Hagman, Ville Nieminen, Nikolai Kulemin, Andrew Murray

% Time on Ice - Demolitions

Lines # - Real PCT - Wanted PCT - Time Play
Normal Forward
1 - 34% - 40% - 14:58
2 - 26% - 30% - 11:36
3 - 22% - 20% - 9:52
4 - 18% - 10% - 7:58
Normal Defense
1 - 43% - 40% - 18:57
2 - 32% - 30% - 14:15
3 - 19% - 20% - 8:14
4 - 7% - 10% - 2:58
PP Forward
1 - 59% - 60% - 2:11
2 - 41% - 40% - 1:31
PP Defense
1 - 54% - 60% - 1:59
2 - 46% - 40% - 1:43
PK Forward
1 - 69% - 60% - 8:02
2 - 31% - 40% - 3:36
PK Defense
1 - 56% - 60% - 6:32
2 - 44% - 40% - 5:06
PK3 Forward
1 - 0% - 60%
2 - 0% - 40%
PK3 Defense
1 - 0% - 60%
2 - 0% - 40%
44 Forward
1 - 100% - 60% - 0:16
2 - 0% - 40% - 0:00
44 Defense
1 - 100% - 60% - 0:16
2 - 0% - 40% - 0:00
Last Minute Offensive  - 0:00
Last Minute Defensive  - 0:00
Total
Forward - 60:00
Defense - 60:00

% Time on Ice - Icehogs

Lines # - Real PCT - Wanted PCT - Time Play
Normal Forward
1 - 35% - 40% - 15:26
2 - 28% - 30% - 12:27
3 - 23% - 20% - 10:04
4 - 15% - 10% - 6:27
Normal Defense
1 - 40% - 40% - 17:39
2 - 34% - 30% - 15:13
3 - 24% - 20% - 10:45
4 - 2% - 10% - 0:47
PP Forward
1 - 56% - 60% - 6:33
2 - 44% - 40% - 5:05
PP Defense
1 - 65% - 60% - 7:32
2 - 35% - 40% - 4:06
PK Forward
1 - 78% - 60% - 2:54
2 - 22% - 40% - 0:48
PK Defense
1 - 57% - 60% - 2:06
2 - 43% - 40% - 1:36
PK3 Forward
1 - 0% - 60%
2 - 0% - 40%
PK3 Defense
1 - 0% - 60%
2 - 0% - 40%
44 Forward
1 - 100% - 60% - 0:16
2 - 0% - 40% - 0:00
44 Defense
1 - 0% - 60% - 0:00
2 - 100% - 40% - 0:16
Last Minute Offensive  - 0:00
Last Minute Defensive  - 0:00
Total
Forward - 60:00
Defense - 60:00

Play by Play

1st period


0:01 of 1st period - Ryan Craig wins face-off versus Patrik Berglund in neutral zone.
0:26 of 1st period - Nicolas Blanchard is hit by Paul Ranger and loses puck.
0:55 of 1st period - Snap shot by Andrew Murray.
0:55 of 1st period - Stopped by Antero Niittymaki without a rebound.
0:56 of 1st period - Josh Hennessy wins face-off versus James Sheppard in Demolitions zone.
1:03 of 1st period - Slapshot by James Sheppard.
1:03 of 1st period - Stopped by José Theodore without a rebound.
1:04 of 1st period - Josh Hennessy wins face-off versus James Sheppard in Icehogs zone.
1:09 of 1st period - Snap shot by Travis Moen.
1:09 of 1st period - Shot Misses the Net.
1:37 of 1st period - Wrist shot by Marco Sturm.
1:37 of 1st period - Shot Misses the Net.
1:39 of 1st period - Slapshot by Marco Sturm.
1:39 of 1st period - Stopped by José Theodore without a rebound.
1:40 of 1st period - Darren Helm wins face-off versus Nicolas Blanchard in Icehogs zone.
1:53 of 1st period - Snap shot by Niklas Hagman.
1:53 of 1st period - Shot Blocked by Dennis Seidenberg.
2:07 of 1st period - Barry Tallackson is hit by Jeremy Williams and loses puck.
2:13 of 1st period - Off-side.
2:14 of 1st period - Patrik Berglund wins face-off versus Ryan Craig in neutral zone.
2:51 of 1st period - Troy Brouwer is hit by Paul Ranger and loses puck.
3:27 of 1st period - Slapshot by Brandon Bochenski.
3:27 of 1st period - Shot Misses the Net.
3:49 of 1st period - Wrist shot by Brandon Bochenski.
3:49 of 1st period - Stopped by José Theodore with a rebound.
3:51 of 1st period - Slapshot by Anton Babchuk.
3:51 of 1st period - Stopped by José Theodore with a rebound.
4:39 of 1st period - Slapshot by Petr Vrana.
4:39 of 1st period - Shot Misses the Net.
4:41 of 1st period - Slapshot by Andy Rogers.
4:41 of 1st period - Shot Misses the Net.
4:43 of 1st period - Snap shot by Anton Babchuk.
4:43 of 1st period - Shot Blocked by Niklas Hagman.
4:45 of 1st period - Wrist shot by Petr Vrana.
4:45 of 1st period - Stopped by José Theodore with a rebound.
4:47 of 1st period - Snap shot by Andy Rogers.
4:47 of 1st period - Stopped by José Theodore with a rebound.
4:49 of 1st period - Wrist shot by Brandon Bochenski.
4:49 of 1st period - Shot Misses the Net.
4:51 of 1st period - Slapshot by Anton Babchuk.
4:51 of 1st period - Shot Misses the Net.
4:53 of 1st period - Wrist shot by Brandon Bochenski.
4:53 of 1st period - Stopped by José Theodore with a rebound.
4:55 of 1st period - Slapshot by Petr Vrana.
4:55 of 1st period - Shot Misses the Net.
4:57 of 1st period - Slapshot by Andy Rogers.
4:57 of 1st period - Shot Blocked by Logan Stephenson.
5:19 of 1st period - Snap shot by Brandon Bochenski.
5:19 of 1st period - Shot Misses the Net.
5:21 of 1st period - Snap shot by Petr Vrana.
5:21 of 1st period - Shot Blocked by Darren Helm.
5:23 of 1st period - Snap shot by Anton Babchuk.
5:23 of 1st period - Stopped by José Theodore without a rebound.
5:24 of 1st period - Ryan Craig wins face-off versus Patrik Berglund in Icehogs zone.
5:45 of 1st period - Paul Ranger is hit by Jeremy Williams and loses puck.
6:19 of 1st period - Snap shot by Travis Moen.
6:19 of 1st period - Stopped by Antero Niittymaki with a rebound.
6:25 of 1st period - Snap shot by Ryan Shannon.
6:25 of 1st period - Shot Misses the Net.
6:35 of 1st period - Nikolai Kulemin is hit by Jeremy Williams and loses puck.
8:46 of 1st period - Anthony Stewart is hit by Nikolai Kulemin and loses puck.
9:01 of 1st period - Anssi Salmela is hit by Ville Nieminen and loses puck.
9:22 of 1st period - Wrist shot by Niklas Hagman.
9:22 of 1st period - Goal by Niklas Hagman - Demolitions : 0 - Icehogs : 1.
9:23 of 1st period - Patrik Berglund wins face-off versus Ryan Craig in neutral zone.
9:38 of 1st period - Wrist shot by B.J. Crombeen.
9:38 of 1st period - Shot Blocked by Janne Niskala.
9:50 of 1st period - Jason King is hit by Anthony Stewart and loses puck.
11:07 of 1st period - Icing by Taylor Chorney.
11:08 of 1st period - Patrik Berglund wins face-off versus Vince Rocco in Demolitions zone.
11:09 of 1st period - Snap shot by B.J. Crombeen.
11:09 of 1st period - Stopped by Antero Niittymaki with a rebound.
11:11 of 1st period - Snap shot by B.J. Crombeen.
11:11 of 1st period - Shot Misses the Net.
11:13 of 1st period - Wrist shot by Ryan Parent.
11:13 of 1st period - Stopped by Antero Niittymaki with a rebound.
11:15 of 1st period - Wrist shot by Nikolai Kulemin.
11:15 of 1st period - Stopped by Antero Niittymaki with a rebound.
11:17 of 1st period - Wrist shot by Nikolai Kulemin.
11:17 of 1st period - Stopped by Antero Niittymaki without a rebound.
11:18 of 1st period - Patrik Berglund wins face-off versus Ryan Craig in Demolitions zone.
11:25 of 1st period - Snap shot by B.J. Crombeen.
11:25 of 1st period - Shot Misses the Net.
11:27 of 1st period - Slapshot by B.J. Crombeen.
11:27 of 1st period - Goal by B.J. Crombeen - Demolitions : 0 - Icehogs : 2.
11:28 of 1st period - Ryan Craig wins face-off versus Patrik Berglund in neutral zone.
11:31 of 1st period - Slapshot by Jeremy Williams.
11:31 of 1st period - Stopped by José Theodore without a rebound.
11:32 of 1st period - Patrik Berglund wins face-off versus Ryan Craig in Icehogs zone.
11:36 of 1st period - Off-side.
11:37 of 1st period - Patrik Berglund wins face-off versus Ryan Craig in neutral zone.
12:14 of 1st period - Snap shot by Nikolai Kulemin.
12:14 of 1st period - Stopped by Antero Niittymaki without a rebound.
12:15 of 1st period - Darren Helm wins face-off versus Nicolas Blanchard in Demolitions zone.
12:24 of 1st period - Snap shot by Darren Helm.
12:24 of 1st period - Shot Misses the Net.
12:44 of 1st period - Icing by Barry Tallackson.
12:45 of 1st period - James Sheppard wins face-off versus Andrew Murray in Icehogs zone.
13:26 of 1st period - Slapshot by Ville Nieminen.
13:26 of 1st period - Goal by Ville Nieminen - Demolitions : 0 - Icehogs : 3.
13:27 of 1st period - Ryan Craig wins face-off versus B.J. Crombeen in neutral zone.
13:32 of 1st period - Backhand shot by Janne Niskala.
13:32 of 1st period - Deflect By Ryan Parent.
13:32 of 1st period - Stopped by José Theodore without a rebound.
13:33 of 1st period - Patrik Berglund wins face-off versus Ryan Craig in Icehogs zone.
13:42 of 1st period - Snap shot by Marco Sturm.
13:42 of 1st period - Shot Misses the Net.
13:44 of 1st period - Wrist shot by Marco Sturm.
13:44 of 1st period - Deflect By Jeremy Williams.
13:44 of 1st period - Stopped by José Theodore with a rebound.
13:46 of 1st period - Wrist shot by Ryan Craig.
13:46 of 1st period - Shot Blocked by B.J. Crombeen.
13:48 of 1st period - Wrist shot by Marco Sturm.
13:48 of 1st period - Stopped by José Theodore with a rebound.
14:05 of 1st period - Off-side.
14:06 of 1st period - Darren Helm wins face-off versus Ryan Craig in neutral zone.
14:15 of 1st period - Wrist shot by Niklas Hagman.
14:15 of 1st period - Stopped by Antero Niittymaki without a rebound.
14:16 of 1st period - Darren Helm wins face-off versus Ryan Craig in Demolitions zone.
14:37 of 1st period - Snap shot by Darren Helm.
14:37 of 1st period - Stopped by Antero Niittymaki with a rebound.
14:39 of 1st period - Slapshot by Matt Hunwick.
14:39 of 1st period - Stopped by Antero Niittymaki with a rebound.
14:41 of 1st period - Slapshot by Matt Hunwick.
14:41 of 1st period - Stopped by Antero Niittymaki without a rebound.
14:42 of 1st period - Nicolas Blanchard wins face-off versus Patrik Berglund in Demolitions zone.
14:42 of 1st period - Nicolas Blanchard is hit by B.J. Crombeen.
14:48 of 1st period - Snap shot by Janne Niskala.
14:48 of 1st period - Stopped by José Theodore with a rebound.
15:08 of 1st period - Ryan Parent is hit by Janne Niskala and loses puck.
16:32 of 1st period - Wrist shot by Travis Moen.
16:32 of 1st period - Shot Misses the Net.
16:38 of 1st period - Taylor Chorney is hit by Travis Moen and loses puck.
16:53 of 1st period - Snap shot by Jeremy Williams.
16:53 of 1st period - Stopped by José Theodore with a rebound.
16:55 of 1st period - Wrist shot by Jeremy Williams.
16:55 of 1st period - Deflect By Ryan Craig.
16:55 of 1st period - Stopped by José Theodore with a rebound.
16:57 of 1st period - Slapshot by Anton Babchuk.
16:57 of 1st period - Stopped by José Theodore with a rebound.
16:59 of 1st period - Wrist shot by Ryan Craig.
16:59 of 1st period - Shot Misses the Net.
17:01 of 1st period - Wrist shot by Andy Rogers.
17:01 of 1st period - Stopped by José Theodore with a rebound.
17:03 of 1st period - Snap shot by Jeremy Williams.
17:03 of 1st period - Goal by Jeremy Williams - Demolitions : 1 - Icehogs : 3.
17:04 of 1st period - Nicolas Blanchard wins face-off versus Patrik Berglund in neutral zone.
17:19 of 1st period - Nicolas Blanchard is hit by B.J. Crombeen and loses puck.
17:56 of 1st period - Slapshot by Dennis Seidenberg.
17:56 of 1st period - Shot Misses the Net.
18:12 of 1st period - Milan Jurcina is hit by Masi Marjamaki and loses puck.
18:25 of 1st period - Minor Penalty to Janne Niskala for Hooking.
18:26 of 1st period - Andrew Murray wins face-off versus Jeremy Williams in Demolitions zone.
18:51 of 1st period - Jeremy Williams is hit by Ryan Parent and loses puck.

2nd period


0:01 of 2nd period - Jeremy Williams wins face-off versus Andrew Murray in neutral zone.
0:12 of 2nd period - Slapshot by Jeremy Williams.
0:12 of 2nd period - Stopped by José Theodore with a rebound.
0:14 of 2nd period - Slapshot by Dennis Seidenberg.
0:14 of 2nd period - Shot Misses the Net.
0:16 of 2nd period - Slapshot by Marco Sturm.
0:16 of 2nd period - Stopped by José Theodore without a rebound.
0:17 of 2nd period - Jeremy Williams wins face-off versus Josh Hennessy in Icehogs zone.
0:18 of 2nd period - Snap shot by Marco Sturm.
0:18 of 2nd period - Stopped by José Theodore without a rebound.
0:19 of 2nd period - Josh Hennessy wins face-off versus Jeremy Williams in Icehogs zone.
0:19 of 2nd period - Josh Hennessy is hit by Marco Sturm.
0:25 of 2nd period - Penalty to Janne Niskala is over, Janne Niskala is back on ice.
0:25 of 2nd period - Backhand shot by Paul Ranger.
0:25 of 2nd period - Shot Blocked by Jeremy Williams.
0:26 of 2nd period - Minor Penalty to Dennis Seidenberg for Holding.
0:27 of 2nd period - Andrew Murray wins face-off versus Jeremy Williams in Demolitions zone.
1:17 of 2nd period - Andy Rogers is hit by B.J. Crombeen and loses puck.
2:09 of 2nd period - Minor Penalty to Ville Nieminen for Hooking.
2:10 of 2nd period - B.J. Crombeen wins face-off versus Marco Sturm in Icehogs zone.
2:26 of 2nd period - Penalty to Dennis Seidenberg is over, Dennis Seidenberg is back on ice.
2:35 of 2nd period - Wrist shot by Dennis Seidenberg.
2:35 of 2nd period - Shot Misses the Net.
2:37 of 2nd period - Wrist shot by Jeremy Williams.
2:37 of 2nd period - Stopped by José Theodore with a rebound.
2:39 of 2nd period - Slapshot by Janne Niskala.
2:39 of 2nd period - Shot Misses the Net.
2:41 of 2nd period - Wrist shot by Dennis Seidenberg.
2:41 of 2nd period - Shot Misses the Net.
2:47 of 2nd period - Wrist shot by Dennis Seidenberg.
2:47 of 2nd period - Shot Misses the Net.
2:49 of 2nd period - Slapshot by Taylor Chorney.
2:49 of 2nd period - Deflect By Jeremy Williams.
2:49 of 2nd period - Shot Blocked by B.J. Crombeen.
2:49 of 2nd period - Puck is out of play.
2:50 of 2nd period - Patrik Berglund wins face-off versus Nicolas Blanchard in Icehogs zone.
3:05 of 2nd period - Snap shot by Patrik Berglund.
3:05 of 2nd period - Goal by Patrik Berglund - Demolitions : 1 - Icehogs : 4.
3:05 of 2nd period - Sergei Bobrovsky enters game.
3:06 of 2nd period - Ryan Craig wins face-off versus B.J. Crombeen in neutral zone.
3:31 of 2nd period - Niklas Hagman is hit by Nicolas Blanchard and loses puck.
3:38 of 2nd period - Slapshot by Troy Brouwer.
3:38 of 2nd period - Stopped by José Theodore with a rebound.
3:40 of 2nd period - Snap shot by Anton Babchuk.
3:40 of 2nd period - Stopped by José Theodore with a rebound.
3:53 of 2nd period - Icing by Jeremy Williams.
3:54 of 2nd period - Patrik Berglund wins face-off versus Ryan Craig in Demolitions zone.
4:09 of 2nd period - Penalty to Ville Nieminen is over, Ville Nieminen is back on ice.
4:24 of 2nd period - Snap shot by Jeremy Williams.
4:24 of 2nd period - Shot Blocked by Ville Nieminen.
4:26 of 2nd period - Slapshot by Andy Rogers.
4:26 of 2nd period - Stopped by José Theodore with a rebound.
4:28 of 2nd period - Snap shot by Jeremy Williams.
4:28 of 2nd period - Shot Misses the Net.
4:30 of 2nd period - Wrist shot by Anton Babchuk.
4:30 of 2nd period - Stopped by José Theodore without a rebound.
4:31 of 2nd period - Nicolas Blanchard wins face-off versus Josh Hennessy in Icehogs zone.
4:45 of 2nd period - Snap shot by Josh Hennessy.
4:45 of 2nd period - Shot Blocked by Janne Niskala.
4:46 of 2nd period - Minor Penalty to Josh Hennessy for Roughing.
4:47 of 2nd period - Ryan Craig wins face-off versus B.J. Crombeen in Icehogs zone.
6:02 of 2nd period - Marco Sturm is hit by Milan Jurcina and loses puck.
6:46 of 2nd period - Penalty to Josh Hennessy is over, Josh Hennessy is back on ice.
6:54 of 2nd period - Wrist shot by Josh Hennessy.
6:54 of 2nd period - Shot Blocked by Janne Niskala.
6:56 of 2nd period - Wrist shot by Josh Hennessy.
6:56 of 2nd period - Shot Blocked by Dennis Seidenberg.
6:58 of 2nd period - Slapshot by Paul Ranger.
6:58 of 2nd period - Shot Blocked by Marc-André Bernier.
7:08 of 2nd period - Backhand shot by Patrik Berglund.
7:08 of 2nd period - Shot Misses the Net.
7:10 of 2nd period - Slapshot by Paul Ranger.
7:10 of 2nd period - Shot Blocked by Marc-André Bernier.
7:12 of 2nd period - Wrist shot by Josh Hennessy.
7:12 of 2nd period - Deflect By Niklas Hagman.
7:12 of 2nd period - Stopped by Sergei Bobrovsky without a rebound.
7:13 of 2nd period - Andrew Murray wins face-off versus James Sheppard in Demolitions zone.
7:14 of 2nd period - Wrist shot by Ville Nieminen.
7:14 of 2nd period - Shot Blocked by Taylor Chorney.
7:16 of 2nd period - Slapshot by Logan Stephenson.
7:16 of 2nd period - Shot Misses the Net.
7:18 of 2nd period - Snap shot by Barry Tallackson.
7:18 of 2nd period - Shot Blocked by Anssi Salmela.
7:20 of 2nd period - Wrist shot by Barry Tallackson.
7:20 of 2nd period - Stopped by Sergei Bobrovsky with a rebound.
7:22 of 2nd period - Slapshot by Mark Popovic.
7:22 of 2nd period - Shot Blocked by Petr Vrana.
7:24 of 2nd period - Snap shot by Barry Tallackson.
7:24 of 2nd period - Goal by Barry Tallackson - Demolitions : 1 - Icehogs : 5.
7:25 of 2nd period - Patrik Berglund wins face-off versus Ryan Craig in neutral zone.
7:36 of 2nd period - Snap shot by Nikolai Kulemin.
7:36 of 2nd period - Stopped by Sergei Bobrovsky with a rebound.
8:31 of 2nd period - Slapshot by Paul Ranger.
8:31 of 2nd period - Deflect By Josh Hennessy.
8:31 of 2nd period - Shot Misses the Net.
8:31 of 2nd period - Puck is out of play.
8:32 of 2nd period - Vince Rocco wins face-off versus Josh Hennessy in Demolitions zone.
8:39 of 2nd period - Slapshot by Dennis Seidenberg.
8:39 of 2nd period - Stopped by José Theodore with a rebound.
8:40 of 2nd period - Minor Penalty to Vince Rocco for Hooking.
8:41 of 2nd period - Andrew Murray wins face-off versus Jeremy Williams in Demolitions zone.
9:42 of 2nd period - Off-side.
9:43 of 2nd period - Josh Hennessy wins face-off versus Anthony Stewart in neutral zone.
10:40 of 2nd period - Penalty to Vince Rocco is over, Vince Rocco is back on ice.
12:22 of 2nd period - Ryan Parent is hit by Troy Brouwer and loses puck.
12:41 of 2nd period - Snap shot by Marc-André Bernier.
12:41 of 2nd period - Deflect By Ryan Parent.
12:41 of 2nd period - Shot Misses the Net.
12:41 of 2nd period - Puck is out of play.
12:42 of 2nd period - Darren Helm wins face-off versus Vince Rocco in Icehogs zone.
12:51 of 2nd period - Snap shot by Darren Helm.
12:51 of 2nd period - Stopped by Sergei Bobrovsky with a rebound.
13:14 of 2nd period - Snap shot by Ryan Craig.
13:14 of 2nd period - Shot Blocked by Mark Popovic.
13:18 of 2nd period - Snap shot by Ryan Craig.
13:18 of 2nd period - Stopped by José Theodore without a rebound.
13:19 of 2nd period - Jason King wins face-off versus Nicolas Blanchard in Icehogs zone.
13:25 of 2nd period - Minor Penalty to Troy Brouwer for Tripping.
13:26 of 2nd period - Jeremy Williams wins face-off versus Andrew Murray in Demolitions zone.
13:45 of 2nd period - Dennis Seidenberg is hit by Niklas Hagman and loses puck.
13:58 of 2nd period - Snap shot by Ryan Craig.
13:58 of 2nd period - Shot Misses the Net.
15:25 of 2nd period - Penalty to Troy Brouwer is over, Troy Brouwer is back on ice.
15:28 of 2nd period - Snap shot by Nikolai Kulemin.
15:28 of 2nd period - Goal by Nikolai Kulemin - Demolitions : 1 - Icehogs : 6.
15:29 of 2nd period - Nikolai Kulemin wins face-off versus Nicolas Blanchard in neutral zone.
15:36 of 2nd period - Wrist shot by Nikolai Kulemin.
15:36 of 2nd period - Stopped by Sergei Bobrovsky without a rebound.
15:37 of 2nd period - Nicolas Blanchard wins face-off versus Patrik Berglund in Demolitions zone.
15:46 of 2nd period - Wrist shot by Patrik Berglund.
15:46 of 2nd period - Shot Misses the Net.
15:48 of 2nd period - Slapshot by B.J. Crombeen.
15:48 of 2nd period - Stopped by Sergei Bobrovsky with a rebound.
15:50 of 2nd period - Slapshot by B.J. Crombeen.
15:50 of 2nd period - Goal by B.J. Crombeen - Demolitions : 1 - Icehogs : 7.
15:51 of 2nd period - Patrik Berglund wins face-off versus Ryan Craig in neutral zone.
15:58 of 2nd period - B.J. Crombeen is hit by Janne Niskala and loses puck.
16:17 of 2nd period - Darren Helm is hit by Anthony Stewart.
16:47 of 2nd period - Off-side.
16:48 of 2nd period - Ryan Craig wins face-off versus Patrik Berglund in neutral zone.
17:03 of 2nd period - Snap shot by Jeremy Williams.
17:03 of 2nd period - Shot Blocked by Matt Hunwick.
17:48 of 2nd period - Minor Penalty to Masi Marjamaki for Slashing.
17:49 of 2nd period - Jeremy Williams wins face-off versus Andrew Murray in Demolitions zone.
18:20 of 2nd period - Snap shot by Josh Hennessy.
18:20 of 2nd period - Shot Misses the Net.
18:35 of 2nd period - Off-side.
18:36 of 2nd period - Anthony Stewart wins face-off versus Andrew Murray in neutral zone.
18:43 of 2nd period - Backhand shot by Anthony Stewart.
18:43 of 2nd period - Shot Blocked by Milan Jurcina.
18:45 of 2nd period - Slapshot by Anton Babchuk.
18:45 of 2nd period - Stopped by José Theodore without a rebound.
18:46 of 2nd period - Jeremy Williams wins face-off versus Andrew Murray in Icehogs zone.
18:59 of 2nd period - Snap shot by B.J. Crombeen.
18:59 of 2nd period - Stopped by Sergei Bobrovsky with a rebound.
19:01 of 2nd period - Wrist shot by Andrew Murray.
19:01 of 2nd period - Stopped by Sergei Bobrovsky with a rebound.
19:11 of 2nd period - Snap shot by Jason King.
19:11 of 2nd period - Shot Misses the Net.
19:13 of 2nd period - Snap shot by Josh Hennessy.
19:13 of 2nd period - Shot Blocked by Andy Rogers.
19:15 of 2nd period - Slapshot by Milan Jurcina.
19:15 of 2nd period - Deflect By Ville Nieminen.
19:15 of 2nd period - Shot Misses the Net.
19:15 of 2nd period - Puck is out of play.
19:16 of 2nd period - Jeremy Williams wins face-off versus Ville Nieminen in Demolitions zone.
19:25 of 2nd period - Slapshot by Matt Hunwick.
19:25 of 2nd period - Shot Misses the Net.
19:27 of 2nd period - Slapshot by Matt Hunwick.
19:27 of 2nd period - Stopped by Sergei Bobrovsky without a rebound.
19:28 of 2nd period - Ryan Craig wins face-off versus Andrew Murray in Demolitions zone.
19:28 of 2nd period - Ryan Craig is hit by B.J. Crombeen.
19:44 of 2nd period - Slapshot by B.J. Crombeen.
19:44 of 2nd period - Shot Misses the Net.
19:48 of 2nd period - Penalty to Masi Marjamaki is over, Masi Marjamaki is back on ice.

3rd period


0:01 of 3rd period - Patrik Berglund wins face-off versus Ryan Craig in neutral zone.
0:01 of 3rd period - Patrik Berglund is hit by Janne Niskala.
0:04 of 3rd period - Off-side.
0:05 of 3rd period - Ryan Craig wins face-off versus Patrik Berglund in neutral zone.
0:43 of 3rd period - Icing by Janne Niskala.
0:44 of 3rd period - Nikolai Kulemin wins face-off versus Nicolas Blanchard in Demolitions zone.
1:13 of 3rd period - Slapshot by Ville Nieminen.
1:13 of 3rd period - Stopped by Sergei Bobrovsky with a rebound.
1:15 of 3rd period - Snap shot by Ville Nieminen.
1:15 of 3rd period - Shot Blocked by Anthony Stewart.
1:21 of 3rd period - Snap shot by Barry Tallackson.
1:21 of 3rd period - Stopped by Sergei Bobrovsky without a rebound.
1:22 of 3rd period - Patrik Berglund wins face-off versus Ryan Craig in Demolitions zone.
1:25 of 3rd period - Snap shot by B.J. Crombeen.
1:25 of 3rd period - Shot Blocked by Jeremy Williams.
1:48 of 3rd period - Niklas Hagman is hit by Anton Babchuk and loses puck.
2:13 of 3rd period - Wrist shot by Ville Nieminen.
2:13 of 3rd period - Shot Misses the Net.
2:15 of 3rd period - Slapshot by Andrew Murray.
2:15 of 3rd period - Stopped by Sergei Bobrovsky without a rebound.
2:16 of 3rd period - Andrew Murray wins face-off versus Ryan Craig in Demolitions zone.
2:26 of 3rd period - Milan Jurcina is hit by Janne Niskala and loses puck.
3:01 of 3rd period - Darren Helm is hit by Janne Niskala.
3:11 of 3rd period - Slapshot by Janne Niskala.
3:11 of 3rd period - Stopped by José Theodore with a rebound.
3:30 of 3rd period - Ryan Shannon is hit by Marc-André Bernier and loses puck.
3:41 of 3rd period - Wrist shot by Andrew Murray.
3:41 of 3rd period - Stopped by Sergei Bobrovsky without a rebound.
3:42 of 3rd period - Andrew Murray wins face-off versus Ryan Craig in Demolitions zone.
3:45 of 3rd period - Slapshot by Ville Nieminen.
3:45 of 3rd period - Stopped by Sergei Bobrovsky with a rebound.
3:51 of 3rd period - Ryan Craig is hit by Ville Nieminen and loses puck.
3:59 of 3rd period - Icing by Anton Babchuk.
4:00 of 3rd period - Patrik Berglund wins face-off versus Ryan Craig in Demolitions zone.
4:49 of 3rd period - Snap shot by Brandon Bochenski.
4:49 of 3rd period - Shot Hit the Post.
4:51 of 3rd period - Slapshot by Anton Babchuk.
4:51 of 3rd period - Stopped by José Theodore with a rebound.
4:53 of 3rd period - Wrist shot by Anton Babchuk.
4:53 of 3rd period - Shot Blocked by Andrew Murray.
4:55 of 3rd period - Wrist shot by Petr Vrana.
4:55 of 3rd period - Stopped by José Theodore with a rebound.
5:30 of 3rd period - Wrist shot by Ryan Shannon.
5:30 of 3rd period - Goal by Ryan Shannon - Demolitions : 1 - Icehogs : 8.
5:30 of 3rd period - Antero Niittymaki enters game.
5:31 of 3rd period - Patrik Berglund wins face-off versus Ryan Craig in neutral zone.
5:52 of 3rd period - Nikolai Kulemin is hit by Dennis Seidenberg and loses puck.
6:11 of 3rd period - Snap shot by Jason King.
6:11 of 3rd period - Stopped by Antero Niittymaki without a rebound.
6:12 of 3rd period - Jason King wins face-off versus Petr Vrana in Demolitions zone.
6:15 of 3rd period - Snap shot by Niklas Hagman.
6:15 of 3rd period - Deflect By Darren Helm.
6:15 of 3rd period - Shot Misses the Net.
6:15 of 3rd period - Puck is out of play.
6:16 of 3rd period - Darren Helm wins face-off versus James Sheppard in Demolitions zone.
6:47 of 3rd period - Snap shot by Petr Vrana.
6:47 of 3rd period - Stopped by José Theodore with a rebound.
6:49 of 3rd period - Slapshot by Andy Rogers.
6:49 of 3rd period - Deflect By Petr Vrana.
6:49 of 3rd period - Shot Misses the Net.
6:49 of 3rd period - Puck is out of play.
6:50 of 3rd period - Patrik Berglund wins face-off versus Ryan Craig in Icehogs zone.
7:15 of 3rd period - Paul Ranger is hit by Anthony Stewart and loses puck.
7:35 of 3rd period - Barry Tallackson beats up Vince Rocco.
7:35 of 3rd period - Penalty to Barry Tallackson for Fighting.
7:35 of 3rd period - Penalty to Vince Rocco for Fighting.
7:35 of 3rd period - Penalty to Vince Rocco for instigated a fight.
7:35 of 3rd period - Penalty to Vince Rocco for instigated a fight.
7:36 of 3rd period - Jeremy Williams wins face-off versus Andrew Murray in neutral zone.
8:01 of 3rd period - Ville Nieminen is hit by Ryan Craig and loses puck.
9:35 of 3rd period - Penalty to Vince Rocco is over, Anthony Stewart is send on ice.
9:43 of 3rd period - Wrist shot by Patrik Berglund.
9:43 of 3rd period - Stopped by Antero Niittymaki with a rebound.
9:45 of 3rd period - Wrist shot by Patrik Berglund.
9:45 of 3rd period - Deflect By Anthony Stewart.
9:45 of 3rd period - Shot Misses the Net.
9:45 of 3rd period - Puck is out of play.
9:46 of 3rd period - Patrik Berglund wins face-off versus Brandon Bochenski in Demolitions zone.
10:16 of 3rd period - Wrist shot by Patrik Berglund.
10:16 of 3rd period - Shot Blocked by Anssi Salmela.
10:18 of 3rd period - Wrist shot by Nikolai Kulemin.
10:18 of 3rd period - Shot Misses the Net.
10:20 of 3rd period - Slapshot by Logan Stephenson.
10:20 of 3rd period - Shot Blocked by Taylor Chorney.
10:22 of 3rd period - Slapshot by Mark Popovic.
10:22 of 3rd period - Stopped by Antero Niittymaki without a rebound.
10:23 of 3rd period - Andrew Murray wins face-off versus Ryan Craig in Demolitions zone.
10:24 of 3rd period - Slapshot by B.J. Crombeen.
10:24 of 3rd period - Stopped by Antero Niittymaki with a rebound.
10:48 of 3rd period - Paul Ranger is hit by Brandon Bochenski and loses puck.
10:59 of 3rd period - Slapshot by Brandon Bochenski.
10:59 of 3rd period - Stopped by José Theodore with a rebound.
11:01 of 3rd period - Snap shot by James Sheppard.
11:01 of 3rd period - Goal by James Sheppard - Demolitions : 2 - Icehogs : 8.
11:02 of 3rd period - Ryan Craig wins face-off versus Patrik Berglund in neutral zone.
11:27 of 3rd period - Paul Ranger is hit by Janne Niskala and loses puck.
11:47 of 3rd period - Icing by Ryan Parent.
11:48 of 3rd period - Darren Helm wins face-off versus James Sheppard in Icehogs zone.
13:18 of 3rd period - Snap shot by Ville Nieminen.
13:18 of 3rd period - Deflect By Barry Tallackson.
13:18 of 3rd period - Shot Blocked by Marco Sturm.
13:18 of 3rd period - Puck is out of play.
13:19 of 3rd period - Ryan Craig wins face-off versus Andrew Murray in Demolitions zone.
13:26 of 3rd period - Snap shot by Ville Nieminen.
13:26 of 3rd period - Shot Blocked by Marco Sturm.
13:28 of 3rd period - Slapshot by Barry Tallackson.
13:28 of 3rd period - Shot Blocked by Dennis Seidenberg.
13:30 of 3rd period - Snap shot by Milan Jurcina.
13:30 of 3rd period - Shot Misses the Net.
13:44 of 3rd period - B.J. Crombeen is hit by Anthony Stewart and loses puck.
14:12 of 3rd period - James Sheppard is hit by Jason King and loses puck.
14:19 of 3rd period - Wrist shot by Brandon Bochenski.
14:19 of 3rd period - Shot Misses the Net.
14:37 of 3rd period - Matt Hunwick is hit by Kyle Wharton and loses puck.
15:22 of 3rd period - Snap shot by Jason King.
15:22 of 3rd period - Deflect By Niklas Hagman.
15:22 of 3rd period - Stopped by Antero Niittymaki without a rebound.
15:23 of 3rd period - Patrik Berglund wins face-off versus Ryan Craig in Demolitions zone.
15:32 of 3rd period - Wrist shot by Marco Sturm.
15:32 of 3rd period - Shot Blocked by Mark Popovic.
15:34 of 3rd period - Wrist shot by Marco Sturm.
15:34 of 3rd period - Shot Misses the Net.
15:59 of 3rd period - Jason King is hit by Nicolas Blanchard and loses puck.
16:54 of 3rd period - Anssi Salmela is hit by Nikolai Kulemin.
17:19 of 3rd period - Slapshot by Ryan Parent.
17:19 of 3rd period - Shot Blocked by Taylor Chorney.
17:35 of 3rd period - 10 Minutes Game Misconduct Penalty to Vince Rocco is over.
17:35 of 3rd period - Dennis Seidenberg is hit by Andrew Murray and loses puck.
18:18 of 3rd period - Slapshot by B.J. Crombeen.
18:18 of 3rd period - Shot Blocked by Kyle Wharton.
18:22 of 3rd period - Snap shot by B.J. Crombeen.
18:22 of 3rd period - Shot Blocked by Ryan Craig.
18:24 of 3rd period - Wrist shot by Patrik Berglund.
18:24 of 3rd period - Shot Misses the Net.
18:26 of 3rd period - Wrist shot by Patrik Berglund.
18:26 of 3rd period - Deflect By Ryan Craig.
18:26 of 3rd period - Shot Blocked by Kyle Wharton.
18:26 of 3rd period - Puck is out of play.
18:27 of 3rd period - Darren Helm wins face-off versus Ryan Craig in Demolitions zone.
19:08 of 3rd period - Snap shot by Marc-André Bernier.
19:08 of 3rd period - Stopped by José Theodore without a rebound.
19:09 of 3rd period - Vince Rocco wins face-off versus Andrew Murray in Icehogs zone.
19:24 of 3rd period - Dennis Seidenberg is hit by Ville Nieminen and loses puck.
19:42 of 3rd period - Slapshot by Marc-André Bernier.
19:42 of 3rd period - Shot Misses the Net.
19:48 of 3rd period - Snap shot by Masi Marjamaki.
19:48 of 3rd period - Stopped by José Theodore with a rebound.
19:50 of 3rd period - Snap shot by Vince Rocco.
19:50 of 3rd period - Stopped by José Theodore without a rebound.
19:51 of 3rd period - Ryan Craig wins face-off versus Patrik Berglund in Icehogs zone.


Output by the SimonT Hockey Simulator (STHS) for François Prévost -- Original Page W3C XHTML 1.0 Valid
Hockey Simulator - Hockey Simulation - Hockey Manager